 Dungeon Crawl Stone Soup version 0.29.1-12-g30fa7ad0bf (webtiles) character file.

Game seed: 183591989852073305

2978 retardedninja the Fighter (level 9, -11/126 HPs)
             Began as a Minotaur Fighter on Jan 11, 2023.
             Mangled by an orc warlord
             ... wielding a +4 broad axe
              (17 damage)
             ... in a bailey.
             The game lasted 00:09:55 (9330 turns).

retardedninja the Fighter (Minotaur Fighter)        Turns: 9330, Time: 00:09:55

Health: -11/126    AC: 12    Str: 37    XL:     9   Next: 53%
Magic:  8/8        EV:  8    Int:  5    God:
Gold:   637        SH: 10    Dex: 10    Spells: 8/8 levels left

rFire   . . .      SeeInvis .   A - +5 broad axe (elec)
rCold   . . .      Faith    .   B - +0 kite shield
rNeg    . . .      Spirit   .   o - +0 chain mail
rPois   .          Reflect  .   (helmet restricted)
rElec   .          Harm     .   (no cloak)
rCorr   .          Rampage  .   (no gloves)
Will    .....                   y - +0 pair of boots
Stlth   ..........              (no amulet)
HPRegen 0.31/turn               j - +6 ring of strength
MPRegen 0.11/turn               w - +6 ring of strength

@: mighty, berserking, hasted, studying 2 skills, invisible, quick
A: horns 2, retaliatory headbutt
a: no special abilities


You were in a bailey.
You visited 1 branch of the dungeon, and saw 8 of its levels.
You also visited: Bailey.

You collected 637 gold pieces.

Inventory:

Hand Weapons
 a - a +0 war axe
 A - a +5 broad axe of electrocution (weapon)
Missiles
 c - 2 throwing nets (quivered)
Armour
 o - a +0 chain mail (worn)
 y - a +0 pair of boots (worn)
 B - a +0 kite shield (worn)
Jewellery
 j - a +6 ring of strength (left hand)
 w - a +6 ring of strength (right hand)
Scrolls
 b - a scroll of poison {unknown}
 d - 2 scrolls of torment
 e - a scroll of teleportation {unknown}
 i - 2 scrolls of enchant weapon {unknown}
 m - a scroll of butterflies {unknown}
 n - a scroll of noise
 v - 2 scrolls of vulnerability {unknown}
 x - 3 scrolls of fear {unknown}
 z - a scroll of immolation {unknown}
 C - 2 scrolls of summoning {unknown}
 E - a scroll of silence {unknown}
Potions
 f - 5 potions of mutation
 g - 2 potions of flight
 h - a potion of curing
 k - 2 potions of degeneration
 l - 3 potions of brilliance
 p - a potion of attraction {unknown}
 q - 3 potions of ambrosia
 r - a potion of invisibility
 t - 2 potions of magic {unknown}
 u - a potion of resistance {unknown}
 D - a potion of berserk rage
 F - a potion of heal wounds {unknown}


   Skills:
 + Level 9.4 Fighting
 + Level 8.8 Axes
 + Level 8.9 Armour
 + Level 8.8 Shields


You had 8 spell levels left.
You didn't know any spells.
Your spell library contained the following spells:

 Spells                   Type           Power      Damage    Failure   Level
 Summon Ice Beast         Ice/Summ       0%         N/A       100%        4
 Summon Mana Viper        Hex/Summ       0%         N/A       100%        5
 Monstrous Menagerie      Summ           0%         N/A       100%        7


Dungeon Overview and Level Annotations

Branches:
Dungeon (8/15)             Temple (0/1) D:5          Bailey (1/1)
   Lair: D:8-11

Altars:
Nemelex Xobeh
Okawaru
Qazlal
Uskayaw
Wu Jian
Zin
The Shining One

Shops:
D:1 (   D:4 *   D:5 !   D:7 =


Innate Abilities, Weirdness & Mutations

You have a pair of horns on your head.
You reflexively headbutt those who attack you in melee.


Message History

Your unstable footing causes you to fumble your attack.
You block the orc warlord's attack.
You slash the orc warlord!
Lightning courses through the orc warlord!
The orc warlord is moderately wounded.
The orc warlord splashes around in the water.
Your unstable footing causes you to fumble your attack.
The orc warlord hits you with a +4 broad axe!!
You slice the orc warlord!! You headbutt the orc warlord!
The orc warlord is heavily wounded.
You slash the orc warlord!
The orc warlord is severely wounded.
You block the orc warlord's attack.
You hit the orc warlord.
You headbutt the orc warlord, but do no damage.
The orc warlord is severely wounded.
The orc warlord hits you with a +4 broad axe!!
* * * LOW HITPOINT WARNING * * *
Your unstable footing causes you to fumble your attack.
The orc warlord hits you with a +4 broad axe!!
* * * LOW HITPOINT WARNING * * *
Okay, then.
Okay, then.
Okay, then.
Okay, then.
It was a potion of berserk rage.
A red film seems to cover your vision as you go berserk!
You feel yourself moving faster!
You feel mighty!
The orc warlord splashes around in the water.
You hit the orc warlord. You headbutt the orc warlord!
The orc warlord is severely wounded.
The orc warlord splashes around in the water.
You closely miss the orc warlord.
The orc warlord is severely wounded.
You hit the orc warlord.
Lightning courses through the orc warlord!
You headbutt the orc warlord!
The orc warlord is almost dead.
The orc warlord hits you with a +4 broad axe!
You die...

........#)(~~~#...8..8..##
........#~~()~#..........#
8..8....)..)).'..........#
(.....#########......8...#
.....##~~~#~~~####......##
...(.#~".....~#~~#.(...##
#....#~?........~#....##
#....##8.8...8.8o##(..#
'(....#.........@~'...#
'.....#....∩....~~'...#
'.....#o........~~'...#
#....##8.8...8.8~##...#
#....#~?........~#....##
.....#~:.....~#~~#.....##
.....##~~~#~~~####......##
.....)#########......8...#
8..8....'.....'..........#


You could see an orc warlord.

Vanquished Creatures
  Grinder (D:3)
  Sigmund (D:3)
  2 steam dragons (D:6)
  3 orc warriors (Bailey)
  3 ice beasts
  An ogre (D:7)
  2 black bears (D:5)
  A phantom (D:6)
  A kobold brigand (D:8)
  2 bullfrogs
  A gnoll sergeant (D:5)
  6 killer bees (D:8)
  2 howler monkeys (D:6)
  3 jellies
  2 orc priests (D:6)
  5 hounds
  An iguana (D:5)
  Natasha (thrice) (D:3)
  2 orc wizards
  20 gnolls
  7 adders
  A shadow imp (D:7)
  2 white imps
  A worm (D:2)
  2 dart slugs
  26 orcs
  5 bats
  4 endoplasms
  A giant cockroach (D:3)
  7 goblins
  7 hobgoblins
  3 jackals (D:5)
  2 quokkas (D:1)
  6 ball pythons
  4 frilled lizards
  21 kobolds
  9 rats
170 creatures vanquished.

Notes
Turn   | Place    | Note
-------+----------+-------------------------------------------
     0 | D:1      | retardedninja the Minotaur Fighter began the quest for the
                  | Orb.
     0 | D:1      | Reached XP level 1. HP: 19/19 MP: 0/0
   188 | D:1      | Reached XP level 2. HP: 27/27 MP: 1/1
   413 | D:1      | Found Orepn's Antique Weapon Boutique.
   487 | D:1      | Found a faded altar of an unknown god.
   513 | D:1      | Reached skill level 4 in Fighting
   738 | D:2      | Reached XP level 3. HP: 21/33 MP: 2/2
  1252 | D:2      | Reached XP level 4. HP: 40/40 MP: 3/3
  1701 | D:3      | Noticed Grinder
  1725 | D:3      | Paralysed by Grinder for 4 turns
  1736 | D:3      | Killed Grinder
  1737 | D:3      | Reached skill level 5 in Fighting
  1737 | D:3      | Reached skill level 5 in Armour
  1737 | D:3      | Reached skill level 5 in Shields
  1737 | D:3      | Reached XP level 5. HP: 23/48 MP: 4/4
  1737 | D:3      | Reached XP level 6. HP: 27/56 MP: 5/5
  2051 | D:3      | Noticed Natasha
  2056 | D:3      | Killed Natasha
  2109 | D:3      | Noticed Sigmund
  2123 | D:3      | Killed Sigmund
  2191 | D:3      | Noticed Natasha
  2198 | D:3      | Killed Natasha
  2199 | D:3      | Reached XP level 7. HP: 42/62 MP: 6/6
  2527 | D:3      | Reached skill level 5 in Axes
  2690 | D:3      | Noticed Natasha
  2698 | D:3      | Killed Natasha
  3681 | D:4      | Reached skill level 6 in Fighting
  4012 | D:4      | Found Umoyfof's Neck Hole.
  4509 | D:5      | Entered Level 5 of the Dungeon
  4566 | D:5      | Found Caawyd's Distillery.
  4570 | D:5      | Found a staircase to the Ecumenical Temple.
  4912 | D:5      | Reached XP level 8. HP: 36/71 MP: 7/7
  5346 | D:5      | Found a hide-covered altar of Uskayaw.
  5448 | D:5      | Found a large runed translucent door.
  5449 | D:5      | Found a large runed translucent door.
  5511 | D:5      | Found an ornate altar of the Wu Jian Council.
  5520 | D:5      | Reached skill level 7 in Fighting
  5528 | D:5      | Found a glowing silver altar of Zin.
  5631 | D:6      | Found a sparkling altar of Nemelex Xobeh.
  6262 | D:6      | Found a stormy altar of Qazlal.
  6966 | D:6      | Reached skill level 8 in Fighting
  6966 | D:6      | Reached XP level 9. HP: 38/81 MP: 8/8
  7712 | D:7      | Found Mivuyc's Jewellery Shoppe.
  8015 | D:7      | Found a glowing golden altar of the Shining One.
  8209 | D:8      | Found an iron altar of Okawaru.
  8305 | D:8      | Identified 3 scrolls of acquirement
  8305 | D:8      | Acquired a manual of Fighting
  8309 | D:7      | Acquired a +5 broad axe of electrocution
  8316 | D:7      | Acquired a manual of Axes
  8767 | D:8      | Found a flagged portal.
  8777 | Bailey   | Entered a bailey
  8782 | Bailey   | Noticed an orc warlord
  8827 | Bailey   | Reached skill level 9 in Fighting
  9240 | Bailey   | Found a runed translucent gate.
  9243 | Bailey   | Found a runed translucent gate.
  9245 | Bailey   | Found a runed translucent gate.
  9326 | Bailey   | HP: 3/84 [orc warlord/+4 broad axe (18)]
  9330 | Bailey   | Mangled by an orc warlord

Illustrated notes

Levels and vault maps discovered:
D:1:      saegor_arrival_simple_d, layout_rooms,
          shapermc_ecumenical_altar_mp_vishouse, serial_shops, shop,
          item_on_display_a
D:2:      layout_loops_ring, kennysheep_generic_room_7
D:3:      layout_basic, uniq_sigmund, uniq_grinder, uniq_natasha
D:4:      layout_cave_pods, nicolae_shop_sticking_my_neck_out
D:5:      layout_basic, kennysheep_mini_moat, jmf_multi_god_temple2,
          minmay_temple_entry_butterflies, serial_shops, shop
D:6:      layout_gridville, nicolae_overflow_crystal_walls, lemuel_round_altar
D:7:      layout_cave_pools, amcnicky_altar_gilded, serial_shops,
          nicolae_shop_window_shopping
D:8:      gammafunk_sealed_arena, layout_loops_ring,
          mainiacjoe_overflow_small_starburst, enter_bailey_2
Bailey:   bailey_axe_bossmonster_kennysheep, bailey

Skill      XL: |  1  2  3  4  5  6  7  8  9 |
---------------+----------------------------+-----
Shields        | 4 5 6 7 8 |  8.8
Armour         | 4 5 6 8 |  8.9
Fighting       | 4 5 6 8 9 |  9.4
Axes           | 3 4 5 7 8 |  8.8

Action                   |  1- 3 |  4- 6 |  7- 9 || total
-------------------------+-------+-------+-------++-------
Melee: War axe           |    74 |    53 |   207 ||   334
       Headbutt          |     4 |     7 |    41 ||    52
       Broad axe         |       |       |    59 ||    59
  Use: Potion            |       |     1 |    11 ||    12
       Scroll            |       |       |    10 ||    10
Armor: Scale mail        |    27 |       |       ||    27
       Chain mail        |       |    30 |   173 ||   203
Dodge: Dodged            |    33 |    22 |   122 ||   177
Block: Buckler           |    18 |    13 |    22 ||    53
       Kite shield       |       |       |    93 ||    93
